 Dungeon Crawl Stone Soup version 0.25.1-2-g60ff931df9 (webtiles) character file.

Game seed: 17307082953311597430

59 Drachen the Chucker (level 3, 0/64 HPs)
             Began as a Demigod Hunter on Oct 8, 2020.
             Succumbed to an adder's poison
             ... on level 2 of the Dungeon.
             The game lasted 00:06:01 (1311 turns).

Drachen the Chucker (Demigod Hunter)                Turns: 1311, Time: 00:06:02

Health: 0/64       AC: 21    Str: 13 (15) XL:     3   Next: 54%
Magic:  5/5        EV:  2    Int: 20 (21) God:
Gold:   44         SH:  0    Dex: 16 (18) Spells: 2/2 levels left

rFire    . . .     SeeInvis .   a - +0 short sword
rCold    . . .     Gourm    .   (no shield)
rNeg     + + +     Faith    .   (armour currently unavailable)
rPois    +         Spirit   .   (helmet currently unavailable)
rElec    .         Reflect  .   (cloak currently unavailable)
rCorr    +         Harm     .   (gloves currently unavailable)
MR       .....     NoTele   +   (boots currently unavailable)
Stlth    ..........             (no amulet)
HPRegen  0.20/turn              m - ring of resist corrosion
MPRegen  0.09/turn              o - +6 ring of intelligence

@: brilliant, berserking, lethally poisoned (0 -> -8), tree-form, very quick
A: high mp 1
a: no special abilities


You were on level 2 of the Dungeon.
You were not hungry.
You were a tree.
You visited 1 branch of the dungeon, and saw 2 of its levels.

You collected 44 gold pieces.

Inventory:

Hand Weapons
 a - a +0 short sword (weapon)
Missiles
 c - 6 javelins (quivered)
 d - 2 throwing nets
Armour
 b - a +0 leather armour (melded)
Jewellery
 m - a ring of resist corrosion (left branch)
 o - a +6 ring of intelligence (right branch)
Scrolls
 e - a scroll of fog {unknown}
 h - a scroll of immolation {unknown}
 j - a scroll of enchant weapon {unknown}
 l - a scroll of identify {unknown}
 p - 3 scrolls of magic mapping {unknown}
 q - 2 scrolls of amnesia {unknown}
 r - 3 scrolls of random uselessness {unknown}
Potions
 n - a potion of brilliance
Comestibles
 f - 2 rations
 g - 2 chunks of flesh


   Skills:
 - Level 1.7 Fighting
 + Level 1.4 Short Blades
 + Level 4.0 Throwing
 + Level 1.3 Armour
 + Level 2.4 Dodging
 - Level 0.8 Stealth


You had 2 spell levels left.
You didn't know any spells.
Your spell library was empty.

Dungeon Overview and Level Annotations

Branches:
Dungeon (2/15)


Innate Abilities, Weirdness & Mutations

You have an increased reservoir of magic. (+10% MP)


Message History

You feel yourself moving faster!
You feel mighty!
* * * LOW HITPOINT WARNING * * *
You feel sick. The adder bites you but does no damage.
You miss the adder.
The adder is severely wounded.
* * * LOW HITPOINT WARNING * * *
You feel sick. The adder bites you but does no damage.
You hit the adder.
You kill the adder!
Your Throwing skill increases to level 4!
You miss the frilled lizard.
* * * LOW HITPOINT WARNING * * *
You feel sick.
You completely miss the frilled lizard.
* * * LOW HITPOINT WARNING * * *
You feel sick.
The frilled lizard bites you but does no damage.
You puncture the frilled lizard!
You kill the frilled lizard!
You die...

# #.....##
#######..
#.#...... ...
.........
....<.... ..#.
######.#
........# #..#.#
#.# #......#
#..#.# #.# #.#
#..#.# #.# ##.
#.# #..#.# ###.#
#....#.####....#
#...#
#.....K†♣......#
#÷###
...##...####....#
#.# #####
##...######.#
##.#.......#.#
##.###.####.#.#
#.## ##.###.#.###
##.###....#.#....
##.#)###.#......
##..# #########


You could see a kobold.

Vanquished Creatures
  2 adders (D:2)
  An ooze (D:1)
  A worm (D:2)
  A leopard gecko (D:1)
  3 bats (D:1)
  5 giant cockroaches (D:1)
  4 goblins (D:1)
  A hobgoblin (D:1)
  6 kobolds
  A ball python (D:1)
  2 frilled lizards
  4 rats
31 creatures vanquished.

Notes
Turn   | Place    | Note
-------+----------+-------------------------------------------
     0 | D:1      | Drachen the Demigod Hunter began the quest for the Orb.
     0 | D:1      | Reached XP level 1. HP: 17/17 MP: 3/3
   164 | D:1      | Reached XP level 2. HP: 23/24 MP: 4/4
   445 | D:1      | Reached skill level 1 in Short Blades
   445 | D:1      | Reached skill level 1 in Armour
   677 | D:1      | Reached XP level 3. HP: 29/29 MP: 5/5
   849 | D:2      | Found a blossoming altar of Fedhas.
  1306 | D:2      | HP: 3/64 [poisoned by an adder]
  1308 | D:2      | Reached skill level 4 in Throwing
  1310 | D:2      | HP: 1/64 [poisoned by an adder]
  1311 | D:2      | Succumbed to an adder's poison

Illustrated notes

Levels and vault maps discovered:
D:1:      lemuel_arrival_lava_pool, layout_basic, minmay_octomino_e4
D:2:      layout_loops_ring, lemuel_coloured_pillars_altar,
          minmay_misc_feat_tower, st_stairs_9

Skill      XL: |  1  2  3 |
---------------+----------+-----
Dodging        | 2 |  2.4
Short Blades   | 1 |  1.4
Armour         | 1 |  1.3
Throwing       | 4 |  4.0
Fighting       | |  1.7
Stealth        | |  0.8

Action                   || total
-------------------------++-------
Melee: Short sword       ||   143
Throw: Javelin           ||    10
  Use: Potion            ||     4
 Stab: Sleeping          ||     2
  Eat: Chunk             ||     1
Armor: Leather armour    ||    29
       Skin              ||     5
Dodge: Dodged            ||    87
